 Dungeon Crawl Stone Soup version 0.15-a0-462-gf669498 (webtiles) character file.

237 Kiel97 the Practitioner (level 4, -5/35 HPs)
             Began as a Lava Orc Healer on May 7, 2014.
             Was a Believer of Elyvilon.
             Slain by a gnoll
             ... wielding a +0,+0 halberd
              (6 damage)
             ... on Level 3 of the Dungeon.
             The game lasted 00:14:41 (2289 turns).

Kiel97 the Practitioner (Lava Orc Healer)           Turns: 2289, Time: 00:14:43

HP  -5/35        AC  6     Str 14      XL: 4   Next: 57%
MP   0/8         EV 12     Int 12      God: Elyvilon [**....]
Gold 130         SH  0     Dex 11      Spells:  0 memorised,  3 levels left

rFire  + + +     SeeInvis .     i - +0,+2 short sword
rCold  x x .     Clarity  .     a - +1 robe
rNeg   . . .     Conserve .     (no shield)
rPois  .         rCorr    +     (no helmet)
rElec  .         rRot     .     (no cloak)
SustAb . .       Spirit   .     (no gloves)
rMut   .         Warding  .     h - +2 pair of boots
Saprov + . .     Stasis   .     k - amulet of resist corrosion
MR     .....                    (no ring)
                                n - ring of fire

@: slowed, very slow, not resistant to hostile enchantments, unstealthy
A: conserve scrolls, saprovore 1
a: Lesser Healing, Lesser Self-Healing, Divine Protection, Purification,
Renounce Religion


You were on level 3 of the Dungeon.
You worshipped Elyvilon.
Elyvilon was pleased with you.
You were very hungry.

You visited 1 branch of the dungeon, and saw 3 of its levels.

You collected 130 gold pieces.

Inventory:

Hand weapons
 i - a +0,+2 short sword (weapon)
Armour
 a - a +1 robe (worn)
 h - a +2 pair of boots (worn)
Magical devices
 p - a wand of flame (6)
Comestibles
 d - 3 meat rations
 t - a bread ration
Scrolls
 e - 2 scrolls of fog
 f - a scroll of remove curse {unknown}
 g - a scroll of blinking {unknown}
 l - 4 scrolls of identify
 o - 3 scrolls of teleportation {unknown}
 r - 3 scrolls of random uselessness {unknown}
 s - a scroll of recharging {unknown}
Jewellery
 k - an amulet of resist corrosion (around neck)
 n - a ring of fire (left hand)
 q - an uncursed amulet of resist corrosion
Potions
 b - a potion of curing
 c - 2 potions of heal wounds
 j - a potion of haste {unknown}
 m - a potion of lignification {unknown}


   Skills:
 + Level 1.2 Fighting
 + Level 2.4 Dodging
 + Level 1.1 Stealth
 + Level 5.8 Invocations


You had 3 spell levels left.
You didn't know any spells.

Dungeon Overview and Level Annotations

Branches:
Dungeon (3/15)

Altars:
Cheibriados
Elyvilon
Okawaru
Sif Muna


Innate Abilities, Weirdness & Mutations

You have stony skin.
Your flesh is almost immune to the effects of heat.
Your fire spells are more powerful.
Your flesh is vulnerable to cold.
Your heat harms attackers.
You bathe your surroundings in blazing heat.
You are too hot to use scrolls.
You are very good at protecting items from fire.
You can tolerate rotten meat.


Message History

Press: ? - help, Shift-Dir - straight line, f/p - gnoll
Aim: a gnoll, wielding a long sword and carrying a wand of slowing {zapped: 4} The puff of flame hits the gnoll.
The gnoll appears unharmed.
This wand has 6 charges left.
You're getting fired up.
The gnoll hits you but does no damage. The gnoll is singed by your heat.
The gnoll is lightly wounded.
The gnoll hits you from afar with a halberd!
* * * LOW HITPOINT WARNING * * *
Use which ability? (? or * to list)
You are healed.
You feel somewhat more hungry.
The gnoll is burned by your radiant heat.
The gnoll is heavily wounded.
The gnoll zaps a wand.
You resist.
The gnoll hits you from afar with a halberd.
* * * LOW HITPOINT WARNING * * *
The gnoll is burned by your radiant heat.
You kill the gnoll!
The gnoll hits you from afar with a halberd.
You die...

#####.# #...# #...#.#
#...# .
......######.<.##...
.....................
###....#...#..######
# ##...#...#..## #
#####...#...#### #
#####......# #
#....@.# # ######)# #
g.. .).# _..# ...#
####


You could see a gnoll.

Vanquished Creatures
  A worker ant (D:3)
  2 gnolls (D:3)
  2 hobgoblins
  5 kobolds
  3 giant cockroaches
13 creatures vanquished.

Vanquished Creatures (others)
  A ball python (D:2)
  A bat (D:2)
  2 goblins
4 creatures vanquished.

Grand Total: 17 creatures vanquished

Notes
Turn   | Place    | Note
--------------------------------------------------------------
     0 | D:1      | Kiel97, the Lava Orc Healer, began the quest for the Orb.
     0 | D:1      | Reached XP level 1. HP: 16/16 MP: 2/2
   201 | D:1      | Reached skill level 4 in Invocations
   351 | D:1      | Reached XP level 2. HP: 20/23 MP: 2/4
  1081 | D:2      | Reached skill level 5 in Invocations
  1081 | D:2      | Reached XP level 3. HP: 17/28 MP: 1/6
  1283 | D:2      | Found a white marble altar of Elyvilon.
  1372 | D:2      | Found an iron altar of Okawaru.
  1477 | D:2      | Found a deep blue altar of Sif Muna.
  1884 | D:3      | Reached skill level 1 in Stealth
  1998 | D:3      | Reached XP level 4. HP: 35/35 MP: 8/8
  2275 | D:3      | Found a snail-covered altar of Cheibriados.
  2289 | D:3      | HP: 1/35 [gnoll/halberd (6)]
  2289 | D:3      | Slain by a gnoll

Action                   |  1- 3 |  4- 6 || total
-------------------------+-------+-------++-------
Melee: Unarmed           |    22 |       ||    22
       Short sword       |    49 |     4 ||    53
Invok: Lesser Healing    |    51 |    18 ||    69
       Lesser Self-Heali |     3 |     1 ||     4
       Divine Protection |     1 |       ||     1
Evoke: Wand              |       |     4 ||     4
  Use: Potion            |     1 |       ||     1
       Scroll            |     2 |       ||     2
